cohdb
Replays
Latest Replays
All Replays
Popular Replays
Top Player Replays
Match Explorer
How It Works
Community
CoH3 Stats
Reddit
Sign in to upload your games and track your stats! →
Sign in with Steam
Match 39725017
Unlisted
Match 39725017
Overview
Messages
Build Orders
End
Construct Section Command Post
Dingo Light Scout Car
Infantry Section
Infantry Section
Infantry Section
Construct Platoon Command Post
Selects Heavy Armor Battlegroup
Selects Rigorous Vehicle Training
Humber Armored Car
Grenade Package
Selects Light Vehicle Withdraw and Refit
Light Vehicle Withdraw and Refit
Unlock M3 Stuart Light Tanks
Light Vehicle Withdraw and Refit
Infantry Training
M3 Stuart Light Tank
M3 Stuart Light Tank
Selects Radio Net
Radio Net
Construct Company Command Post
Foot Guards Section
Foot Guards Section
Foot Guards Section
Foot Guards Section
Foot Guards Section
Crusader II Medium Tank
Selects Forward Repair Assembly
CMP 15cwt Truck
Selects Churchill Black Prince Heavy Tank
Churchill Black Prince Heavy Tank
Selects Recon Artillery
[HLL ITA] jintoni
shadowfox08x
Joon
vonAJ
SNENS
Sauron
JoNiDuMp
younis02yahya
0
0
Comments
sign in to comment!
No comments posted yet!